 Dungeon Crawl Stone Soup version 0.31-a0-960-g0fca184906 (webtiles) character file.

Game seed: 13562986419366626629

328 Maxmaps the Trooper (level 6, 0/45 HPs)
             Began as an Octopode Shapeshifter on Oct 24, 2023.
             Slain by a gnoll bouda
             ... wielding a +0 whip
              (9 damage)
             ... on level 4 of the Dungeon.
             The game lasted 00:02:53 (2138 turns).

Maxmaps the Trooper (Octopode Shapeshifter)         Turns: 2138, Time: 00:02:53

Health: 0/45       AC:  1    Str: 13    XL:     6   Next: 50%
Magic:  6/6        EV: 14    Int: 14    God:
Gold:   116        SH:  0    Dex: 18    Spells: 5/5 levels left

rFire   . .          .
                       - Unarmed
rCold   . . .        (no shield)
rNeg    . . .        (helmet currently unavailable)
rPois   .            (no amulet)
rElec   .            p - +6 ring of dexterity
rCorr   .            (no ring)
SInv    .            (no ring)
Will    .....        (no ring)
Stlth   ++++         (no ring)
HPRegen 0.27/turn    (no ring)
MPRegen 0.10/turn    (no ring)
                     (no ring)

%: no passive effects
@: beast-form, weakened
A: beast (slay +1), almost no armour, amphibious, 8 rings, camouflage 1,
gelatinous body 1, (nimble swimmer 1), tentacles
a: Begin Untransformation


You were on level 4 of the Dungeon.
You were a hulking beast.
You visited 1 branch of the dungeon, and saw 4 of its levels.

You collected 116 gold pieces.

Inventory:

Jewellery
 p - a +6 ring of dexterity (left tentacle)
Talismans
 b - a beast talisman
 c - a flux talisman
Wands
 n - a wand of iceblast (10)
 o - a wand of flame (11)
Scrolls
 f - a scroll of fear {unknown}
 h - 3 scrolls of identify {unknown}
 i - a scroll of teleportation {unknown}
 j - 2 scrolls of poison {unknown}
 k - 2 scrolls of vulnerability {unknown}
 l - a scroll of fog {unknown}
 m - 2 scrolls of immolation {unknown}
Potions
 a - 4 potions of lignification
 d - 3 potions of curing {unknown}
 e - a potion of heal wounds {unknown}
 g - a potion of haste {unknown}
 q - a potion of might {unknown}


   Skills:
 - Level 5.0 Fighting
 - Level 3.0 Dodging
 + Level 4.4 Stealth
 - Level 3.0 Unarmed Combat
 - Level 3.0 Shapeshifting


You had 5 spell levels left.
You didn't know any spells.
Your spell library contained the following spells:

 Spells                   Type           Power      Damage    Failure   Level
 Lesser Beckoning         Tloc           0%         N/A       41%         2
 Static Discharge         Conj/Air       0%         3-3/arc   41%         2
 Gell's Gravitas          Tloc           0%         N/A       65%         3
 Teleport Other           Tloc           0%         N/A       65%         3
 Airstrike                Air            0%         2d(0-16)  96%         4
 Summon Lightning Spire   Summ/Air       0%         N/A       96%         4
 Summon Forest            Summ/Tloc      0%         N/A       100%        5
 Eringya's Noxious Bog    Tmut/Pois      0%         4d6       100%        6
 Summon Hydra             Summ           0%         N/A       100%        7


Dungeon Overview and Level Annotations

Branches:
Dungeon (4/15)
 Temple: D:4-7

Altars:
Fedhas


Innate Abilities, Weirdness & Mutations

You are a hulking beast.
Your limbs bulge with bestial killing power. (Slay +1)
You cannot wear most types of armour.
You are amphibious.
You can wear up to eight rings at the same time.
Your skin changes colour to match your surroundings (Stealth+).
Your rubbery body absorbs attacks. (AC +1, EV +1)
((You are camouflaged when in or above water. (Stealth+)))
You have tentacles for arms and can constrict up to eight enemies at once.


Message History

No target in view!
No target in view!
k - 2 scrolls labelled VOSSOLE VIDYRU (gained 1)
A gnoll comes into view. It is wielding a +0 flail.
Found a scroll labelled EMENIH IMIOCO.
A gnoll is nearby!
Found a scroll labelled WIUXOA BOARU.
A gnoll is nearby!
A gnoll bouda and 3 gnolls come into view.
A gnoll is wielding a +0 spear.
Found a potion of lignification.
The gnoll shouts!
The gnoll shouts! x3; The gnoll bouda shouts!
The gnoll closely misses you. x2
The gnoll bouda barks out a call to the hunt!
The gnolls pick up the pace!
You tentacle-slap the gnoll. You grab the gnoll. You squeeze the gnoll.
The gnoll is severely wounded.
You constrict the gnoll. The gnoll barely misses you.
The gnoll hits you with a +0 flail. The gnoll hits you with a +0 flail!
You tentacle-slap the gnoll.
You kill the gnoll!
The gnoll barely misses you.
The gnoll hits you from afar with a +0 spear.
You tentacle-slap the gnoll bouda. You grab the gnoll bouda.
You squeeze the gnoll bouda.
The gnoll bouda is moderately wounded.
You constrict the gnoll bouda. The gnoll hits you with a +0 whip.
The gnoll barely misses you. The gnoll misses you.
The gnoll bouda gazes fiercely through you!
You feel your attacks grow feeble. The gnoll bouda misses you.
Unknown command.
Unknown command.
You release your grip on the gnoll bouda.
The gnoll hits you with a +0 flail!
* * * LOW HITPOINT WARNING * * *
The gnoll closely misses you.
The gnoll bouda hits you with a +0 whip!
You die...

######## #......#
#.#....##
#...g...## ##
#...hg...# #.
#...gg...# ..
#........####.#
#.
###...........#
#. #.......######
#.
#..........######
#.#
#...............#
#.<
#...............#
##.
#.###?..###.....#
#.


You could see a gnoll bouda and 3 gnolls.

Vanquished Creatures
  Grinder (D:3)
  A hound (D:3)
  A gnoll (D:4)
  2 adders
  4 dart slugs
  An orc (D:3)
  7 endoplasms
  6 giant cockroaches
  6 goblins
  8 hobgoblins
  5 quokkas
  11 ball pythons
  7 bats
  A frilled lizard (D:2)
  5 kobolds
  7 rats
73 creatures vanquished.

Notes
Turn   | Place    | Note
-------+----------+-------------------------------------------
     0 | D:1      | Maxmaps the Octopode Shapeshifter began the quest for the
                  | Orb.
     0 | D:1      | Reached XP level 1. HP: 13/13 MP: 1/1
    45 | D:1      | Reached skill level 2 in Fighting
    45 | D:1      | Reached XP level 2. HP: 19/19 MP: 2/2
    78 | D:1      | Reached skill level 1 in Stealth
   320 | D:1      | Reached XP level 3. HP: 23/24 MP: 3/3
   513 | D:1      | Found a faded altar of an unknown god.
  1383 | D:2      | Reached XP level 4. HP: 21/29 MP: 4/4
  1648 | D:3      | Noticed Grinder
  1655 | D:3      | Paralysed by Grinder for 3 turns
  1660 | D:3      | Paralysed by Grinder for 2 turns
  1684 | D:3      | Killed Grinder
  1685 | D:3      | Reached skill level 5 in Fighting
  1685 | D:3      | Reached XP level 5. HP: 38/39 MP: 5/5
  1685 | D:3      | Reached XP level 6. HP: 44/45 MP: 6/6
  1797 | D:3      | Identified the +9 mace "Pendulum" {flame, rF- rC++ Dex+2
                  | Stlth+}
  1831 | D:3      | Found a blossoming altar of Fedhas.
  2138 | D:4      | Slain by a gnoll bouda

Illustrated notes

Levels and vault maps discovered:
D:1:      dpeg_arrival_houses_and_road, layout_loops_cross,
          ebering_ecumenical_altar_petrified
D:2:      layout_basic, minmay_goblin_kobold_house
D:3:      layout_rooms, fedhas_altar_1, uniq_grinder
D:4:      layout_loops_cross, nicolae_gozag_seed_capital, nicolae_stop_n_shop_1

Skill      XL: |  1  2  3  4  5  6 |
---------------+-------------------+-----
Fighting       | 2 5 |  5.0
Stealth        | 2 3 4 |  4.4
Dodging        | 3 |  3.0
Unarmed Combat | |  3.0
Shapeshifting  | |  3.0

Action                     |  1- 3 |  4- 6 || total
---------------------------+-------+-------++-------
  Melee: Unarmed           |    90 |    60 ||   150
         Tentacles         |     9 |     9 ||    18
         Constrict         |    29 |    10 ||    39
         Punch             |       |     3 ||     3
    Use: Potion            |       |     1 ||     1
   Stab: Sleeping          |    10 |     8 ||    18
         Distracted        |     1 |       ||     1
 Armour: Skin              |    24 |    44 ||    68
  Dodge: Dodged            |    51 |    25 ||    76

Table legend: (Time is in decaauts)
 A = Elapsed time spent in this place.
 B = Non-inter-level travel time spent in this place.
 C = Inter-level travel time spent in this place.
 D = Time resting spent in this place.
 E = Time spent auto-exploring this place.
 F = Levels seen in this place.
 G = Mean time per level.
                   A        B        C        D        E       F      G
               +--------+--------+--------+--------+--------+-----+--------+
         Total |   2127 |   2060 |     67 |     17 |   1604 |   4 |  531.8 |
       Dungeon |   2127 |   2060 |     67 |     17 |   1604 |   4 |  531.8 |
               +--------+--------+--------+--------+--------+-----+--------+

Top non-repeatable levels by time:
     D:2: 898 daAuts
     D:1: 725 daAuts
     D:3: 463 daAuts
     D:4: 40 daAuts
